Map: Zen LE

Players

antagomiR

  • Race: Protoss Protoss
  • League: Gold
  • Spawn Location: 1:00

Steel - Winner!

  • Race: Protoss Protoss
  • League: Platinum
  • Spawn Location: 7:00

VOD

Have the link to the VOD?

Description

Time

  • Played on: April 21, 2020, 2:46 p.m.
  • Length: 19:05
Show
View Real Time Build Order
Export as new Build Order

antagomiR Protoss 

Build Orders: 1 Gate Expand, Archon Immortal 

Get SALT Encoding   

  12  0:01  Probe  
  13  0:13  Probe  
  14  0:18  Pylon  
  14  0:25  Probe  
  15  0:36  Gateway  
  15  0:38  Probe  
  16  0:50  Probe (Chrono Boost), Assimilator  
  17  1:01  Probe (Chrono Boost)  
  18  1:06  Probe (Chrono Boost)  
  19  1:17  Probe  
  20  1:30  Nexus  
  20  1:44  Cybernetics Core  
  19  1:52  Probe, Assimilator  
  20  2:05  Probe  
  20  2:08  Pylon  
  21  2:17  Probe  
  21  2:21  Warp Gate  
  22  2:24  Adept (Chrono Boost)  
  24  2:30  Probe  
  25  2:39  Robotics Facility  
  25  2:42  Probe  
  25  2:43  Probe  
  27  2:47  Stalker  
  29  2:54  Probe  
  29  2:56  Probe  
  31  3:03  Gateway  
  31  3:07  Gateway  
  31  3:12  Probe x2  
  33  3:18  Sentry  
  35  3:26  Probe x2  
  37  3:28  Observer  
  38  3:36  Pylon  
  38  3:38  Probe  
  39  3:46  Probe  
  40  3:49  Observer  
  40  3:50  Probe  
  42  3:58  Probe  
  42  4:02  Probe  
  44  4:03  Pylon  
  44  4:06  Pylon  
  44  4:09  Assimilator  
  44  4:10  Probe  
  44  4:11  Adept  
  44  4:12  Stalker  
  44  4:13  Sentry, Assimilator  
  51  4:26  Probe x2  
  51  4:29  Immortal  
  57  4:33  Twilight Council  
  57  4:38  Probe x2  
  59  4:50  Probe x2  
  61  5:02  Probe x2  
  63  5:12  Immortal, Nexus  
  63  5:14  Pylon  
  67  5:27  Pylon  
  66  5:31  Pylon  
  66  5:47  Pylon, Templar Archives  
  66  5:50  Phoenix, Pylon  
  66  5:52  Immortal, Stalker  
  66  5:53  Stalker  
  66  5:56  Pylon  
  74  6:01  Charge (Chrono Boost)  
  74  6:02  Assimilator  
  74  6:03  Probe x2  
  76  6:04  Assimilator  
  76  6:12  Forge  
  76  6:24  Sentry x2  
  80  6:29  Probe x2  
  80  6:31  Immortal  
  86  6:41  High Templar  
  88  6:51  Gateway x2  
  88  6:52  Gateway  
  88  6:55  Gateway  
  88  6:56  Photon Cannon  
  88  7:03  Probe x3  
  86  7:15  Probe x3  
  81  7:27  Probe  
  82  7:31  Probe x2  
  84  7:39  Probe, Immortal  
  84  7:40  Protoss Ground Weapons Level 1 (Chrono Boost)  
  84  7:41  High Templar  
  84  7:42  High Templar x2  
  84  7:43  Probe x2  
  97  7:53  Pylon  
  97  7:54  Pylon  
  97  8:00  Photon Cannon  
  97  8:04  Archon, Photon Cannon  
  97  8:07  High Templar x3  
  97  8:08  High Templar  
  97  8:11  Archon x2  
  105  8:12  Phoenix  
  105  8:31  Zealot  
  105  8:32  Zealot x2  
  111  8:43  Photon Cannon x2  
  111  8:48  High Templar x3  
  115  8:53  Stalker x2  
  114  9:12  Stalker x2  
  114  9:15  Probe x3  
  121  9:27  Probe x3  
  124  9:37  Photon Cannon  
  124  9:39  Probe x3  
  124  9:42  Immortal  
  131  9:48  Archon  
  131  9:49  Archon  
  131  9:51  Probe x3  
  134  10:03  Probe x2  
  136  10:10  Probe  
  136  10:11  Protoss Ground Weapons Level 2 (Chrono Boost)  
  137  10:15  Probe x2  
  137  10:17  Zealot x2  
  137  10:18  Zealot x3  
  149  11:11  Pylon  
  149  11:13  Pylon  
  149  11:15  Pylon  
  149  11:17  Pylon  
  149  11:18  Nexus  
  149  11:19  Pylon  
  149  11:23  Pylon  
  149  11:26  Pylon  
  149  11:29  Probe x3  
  143  11:43  Zealot x5  
  143  11:44  Zealot x2  
  145  12:09  Zealot x5  
  145  12:10  Zealot x2  
  141  12:50  Nexus  
  141  12:51  Pylon  
  141  12:52  High Templar  
  141  12:53  High Templar x5  
  141  12:54  High Templar  
  141  12:56  Archon  
  141  12:57  Archon  
  141  12:58  Archon  
  155  13:00  Archon  
  155  13:18  Stargate  
  137  13:31  Zealot x6  
  137  13:32  Zealot  
  99  13:47  Immortal  
  85  13:54  High Templar x5  
  85  13:55  High Templar x2  
  87  13:58  Archon x2  
  65  14:26  Immortal, Zealot  
  65  14:27  Zealot x5  
  65  14:28  Zealot  
  80  14:47  Gateway  
  80  14:49  Gateway  
  80  14:51  Photon Cannon  
  80  14:52  Gateway  
  77  14:54  Gateway  
  77  14:58  Gateway, Zealot x5  
  77  14:59  Zealot x2  
  90  15:05  Immortal  
  94  15:36  Shield Battery  
  94  15:38  Shield Battery  
  94  15:41  Zealot x3  
  94  15:42  Zealot x4  
  108  15:54  Assimilator  
  108  15:56  High Templar x3  
  114  15:57  High Templar  
  114  15:58  Assimilator  
  106  16:14  High Templar x3  
  106  16:15  High Templar x4  
  116  16:18  Archon x2  
  116  16:19  Archon  
  116  16:21  Archon  
  116  16:22  Archon  
  116  16:34  Stalker x3  
  116  16:39  Immortal  
  126  16:46  Zealot x2  
  130  16:49  Zealot x4  
  130  16:50  Zealot  
  140  16:56  Probe x2  
  140  16:57  Probe  
  143  17:08  Probe  
  143  17:14  Zealot x3  
  148  17:16  Zealot  
  148  17:18  Immortal  
  154  17:26  Sentry x3  
  154  17:27  Sentry  
  162  17:35  Zealot x2  
  166  17:37  Probe  
  167  18:25  Pylon  
  166  18:28  Pylon  
  164  18:41  Pylon  
  164  18:44  Pylon  
  164  18:46  Pylon  
Show
View Real Time Build Order
Export as new Build Order

Steel Protoss - Winner!

Build Orders: Nexus First, Chargelot Immortal 

Get SALT Encoding   

  12  0:01  Probe  
  13  0:13  Probe  
  14  0:20  Pylon  
  14  0:25  Probe  
  15  0:38  Probe  
  16  0:50  Probe  
  17  1:00  Nexus  
  17  1:10  Gateway  
  17  1:14  Probe  
  18  1:19  Assimilator  
  18  1:26  Probe  
  19  1:38  Probe  
  20  1:48  Pylon  
  20  1:50  Probe  
  21  2:02  Probe  
  21  2:05  Cybernetics Core  
  22  2:08  Forge  
  22  2:14  Probe, Assimilator  
  23  2:17  Probe  
  24  2:28  Probe  
  25  2:37  Pylon  
  25  2:41  Probe  
  25  2:42  Probe  
  27  2:46  Stalker (Chrono Boost)  
  27  2:49  Protoss Ground Armor Level 1 (Chrono Boost)  
  29  2:54  Probe  
  29  2:58  Gateway  
  30  2:59  Probe  
  31  3:06  Probe  
  31  3:10  Stalker  
  31  3:11  Probe  
  35  3:18  Probe  
  36  3:23  Probe  
  36  3:25  Photon Cannon  
  37  3:30  Probe  
  38  3:35  Probe  
  38  3:39  Twilight Council  
  39  3:42  Probe  
  39  3:45  Stalker  
  39  3:48  Probe  
  43  3:49  Stalker  
  43  3:54  Probe  
  46  3:57  Pylon  
  46  4:00  Probe  
  47  4:06  Probe  
  48  4:10  Assimilator  
  48  4:12  Probe  
  48  4:15  Stalker  
  48  4:16  Pylon  
  51  4:18  Probe  
  51  4:19  Zealot  
  51  4:22  Warp Gate (Chrono Boost)  
  54  4:32  Pylon  
  54  4:33  Probe x2  
  56  4:43  Assimilator  
  41  4:45  Charge (Chrono Boost), Stalker  
  56  4:46  Stalker  
  60  4:56  Stargate  
  60  5:10  Probe  
  61  5:15  Stalker  
  61  5:16  Stalker  
  65  5:35  Photon Cannon  
  65  5:39  Protoss Ground Weapons Level 1 (Chrono Boost)  
  65  5:45  Forge, Stalker  
  65  5:46  Stalker  
  69  5:56  Pylon  
  69  5:59  Photon Cannon  
  69  6:01  Probe x2  
  69  6:03  Oracle (Chrono Boost)  
  74  6:15  Stalker, Robotics Facility  
  74  6:16  Stalker  
  74  6:18  Pylon  
  78  6:20  Pylon  
  78  6:25  Nexus  
  78  6:29  Pylon  
  78  6:31  Pylon  
  78  6:38  Protoss Shields Level 1 (Chrono Boost)  
  78  7:32  Photon Cannon x2  
  78  7:34  Photon Cannon  
  78  7:36  Photon Cannon  
  78  7:37  Stalker x2  
  80  7:38  Oracle (Chrono Boost)  
  85  7:51  Gateway  
  85  7:52  Gateway  
  85  7:54  Gateway  
  85  7:59  Templar Archives  
  85  8:04  Probe x3  
  88  8:07  Oracle  
  88  8:11  Zealot  
  88  8:12  Zealot  
  95  8:15  Immortal (Chrono Boost)  
  99  8:26  Photon Cannon  
  99  8:27  Photon Cannon  
  99  8:28  Photon Cannon  
  99  8:34  Shield Battery  
  99  8:47  Immortal  
  103  9:02  Probe x3  
  106  9:07  Assimilator  
  106  9:11  Assimilator  
  106  9:14  Probe  
  104  9:24  Immortal (Chrono Boost)  
  104  9:26  Zealot x4  
  104  9:27  Zealot  
  118  9:34  Protoss Shields Level 2 (Chrono Boost)  
  118  9:36  Protoss Ground Weapons Level 2 (Chrono Boost), Psionic Storm  
  118  9:51  High Templar x4  
  126  9:55  Immortal  
  126  9:59  Pylon  
  130  10:00  Pylon  
  130  10:02  Pylon  
  130  10:04  Pylon  
  130  10:09  Probe  
  130  10:13  High Templar  
  133  10:16  Archon x2  
  133  10:21  Probe  
  133  10:24  High Templar x2  
  138  10:30  High Templar  
  138  10:35  Immortal  
  144  10:40  Archon  
  144  10:42  Archon  
  144  10:58  Zealot  
  144  10:59  Zealot  
  144  11:00  Zealot x2  
  152  11:18  Gateway x2  
  130  11:49  High Templar x2  
  130  11:50  High Templar x3  
  130  11:53  Protoss Ground Armor Level 2  
  140  12:05  Archon x2  
  140  12:32  Zealot x3  
  146  13:03  Zealot x3  
  146  13:04  Zealot x2  
  96  14:23  Zealot x2  
  100  14:25  Zealot x3  
  100  14:27  Void Ray  
  100  14:30  Immortal  
  114  14:57  Zealot x3  
  114  14:58  Zealot x2  
  124  15:09  Immortal, Stargate x2  
  124  15:10  Void Ray  
  132  15:18  High Templar  
  132  15:19  High Templar x4  
  142  15:39  Nexus x2  
  142  15:43  Pylon  
  142  15:45  Pylon  
  142  15:47  Pylon  
  142  15:49  Immortal  
  146  15:53  Void Ray  
  146  15:54  Void Ray x2  
  158  15:57  Protoss Shields Level 3 (Chrono Boost)  
  158  15:58  Protoss Ground Weapons Level 3 (Chrono Boost)  
  149  16:16  Zealot x3  
  155  16:19  High Templar  
  155  16:20  High Templar  
  155  16:23  Archon x2  
  159  16:28  Immortal  
  163  16:35  Void Ray  
  163  16:37  Void Ray  
  171  16:40  Photon Cannon  
  171  16:42  Photon Cannon  
  171  16:45  Photon Cannon  
  171  16:48  Assimilator  
  171  16:49  Zealot x3  
  171  16:50  Assimilator  
  171  16:52  Zealot x2  
  181  17:21  Robotics Bay  
  181  17:24  Stalker x4  
  181  17:25  Stalker  
  191  17:43  Void Ray  
  191  17:44  Void Ray  
Tags
 
Add a new tag
Caveats
  • Supply blocks, unpowered buildings, or Contaminate may cause inaccurate times.
  • Supply counts are checked every 10 seconds.